PBL
JOPLIN BLASTERS @ ROSWELL INVADERS
10/08/2049
 
TOP OF THE 1ST
Miami Beach Marlins batting - Pitching for Amarillo ThunderHeads : RHP Tony Shirley
Pitching: RHP Tony Shirley
Batting: LHB Mike Sammons 0-0: Ball
1-0: Swinging Strike
1-1: Called Strike
1-2: Strikes out swinging
Batting: RHB Ethan Roberts 0-0: Ball
1-0: Ball
2-0: Ball
3-0: Foul Ball, location: 2F
3-1: Base on Balls
Batting: SHB Carlos Rodriguez 0-0: Fly out, F6 (Popup, 6MD, EV 47.5 MPH)
Batting: RHB Armando Colon 0-0: Swinging Strike
Ethan Roberts is caught stealing 2nd base 2-4
Top of the 1st over - 0 runs, 0 hits, 0 errors, 0 left on base; Miami Beach 0 - Amarillo 0
BOTTOM OF THE 1ST
Amarillo ThunderHeads batting - Pitching for Miami Beach Marlins : RHP Philip Veenstra
Pitching: RHP Philip Veenstra
Batting: RHB Mike Trujillo 0-0: Ball
1-0: Foul Ball, location: 2F
1-1: Swinging Strike
1-2: Foul Ball, location: 2F
1-2: Ball
2-2: Ball
3-2: Fly out, F8 (Line Drive, 8RD, EV 109.4 MPH)
Batting: RHB Marços Berto 0-0: Ball
1-0: Called Strike
1-1: Swinging Strike
1-2: Strikes out swinging
Batting: RHB Kisho Ito 0-0: Foul Ball, location: 2F
0-1: Ball
1-1: SINGLE (Groundball, 6MD, EV 104.4 MPH)
Batting: RHB Luis Mendoza 0-0: Ball
Kisho Ito steals 2nd base (no throw)
1-0: Swinging Strike
1-1: Ball
Wild Pitch!
Kisho Ito to third
2-1: Foul Ball, location: 2F
2-2: Ball
3-2: 2-RUN HOME RUN (Flyball, 7LD, EV 98.8 MPH), Distance : 330 ft
Batting: LHB Javy Cisneros 0-0: SINGLE (Groundball, 34, EV 112.5 MPH) (infield hit)
Batting: SHB Manny Morales 0-0: Fly out, F9 (Flyball, 9S, EV 83.8 MPH)
Bottom of the 1st over - 2 runs, 3 hits, 0 errors, 1 left on base; Miami Beach 0 - Amarillo 2
TOP OF THE 2ND
Miami Beach Marlins batting - Pitching for Amarillo ThunderHeads : RHP Tony Shirley
Batting: RHB Armando Colon 0-0: Foul Ball, location: 2F
0-1: Called Strike
0-2: Ball
1-2: Ground out 6-3 (Groundball, 6, EV 85.0 MPH)
Batting: SHB Bill Burd 0-0: Ball
1-0: Ball
2-0: Ball
3-0: Called Strike
3-1: Foul Ball, location: 2F
3-2: Foul Ball, location: 2F
3-2: Base on Balls
Batting: LHB Kyle Goodwin 0-0: Foul Ball, location: 2F
0-1: Ball
Bill Burd is caught stealing 2nd base 2-6
1-1: Swinging Strike
1-2: Ball
2-2: Foul Ball, location: 2F
2-2: Ball
3-2: Base on Balls
Batting: RHB Kenny Dickey 0-0: Foul Ball, location: 2F
Pickoff Throw to First - Out! 1-3
Top of the 2nd over - 0 runs, 0 hits, 0 errors, 0 left on base; Miami Beach 0 - Amarillo 2
BOTTOM OF THE 2ND
Amarillo ThunderHeads batting - Pitching for Miami Beach Marlins : RHP Philip Veenstra
Batting: LHB Takeo Nishiguchi 0-0: Bunted foul
0-1: Swinging Strike
0-2: Strikes out swinging
Batting: RHB Milion Kahangi 0-0: Ball
1-0: Called Strike
1-1: Foul Ball, location: 2F
1-2: Strikes out looking
Batting: RHB Tony Shirley 0-0: Called Strike
0-1: TRIPLE (Flyball, 9LD, EV 111.3 MPH)
Batting: RHB Mike Trujillo 0-0: Ball
1-0: Called Strike
1-1: Ball
2-1: Called Strike
2-2: Ball
3-2: Foul Ball, location: 2F
3-2: Strikes out swinging
Bottom of the 2nd over - 0 runs, 1 hit, 0 errors, 1 left on base; Miami Beach 0 - Amarillo 2
TOP OF THE 3RD
Miami Beach Marlins batting - Pitching for Amarillo ThunderHeads : RHP Tony Shirley
Batting: RHB Kenny Dickey 0-0: Called Strike
0-1: Swinging Strike
0-2: Strikes out swinging
Batting: RHB Mark Moore 0-0: Called Strike
0-1: Ball
1-1: Called Strike
1-2: Strikes out swinging
Batting: RHB Philip Veenstra 0-0: Called Strike
0-1: Called Strike
0-2: Strikes out swinging
Top of the 3rd over - 0 runs, 0 hits, 0 errors, 0 left on base; Miami Beach 0 - Amarillo 2
BOTTOM OF THE 3RD
Amarillo ThunderHeads batting - Pitching for Miami Beach Marlins : RHP Philip Veenstra
Batting: RHB Marços Berto 0-0: Fly out, F9 (Flyball, 9, EV 90.0 MPH)
Batting: RHB Kisho Ito 0-0: Called Strike
0-1: Ground out 6-3 (Groundball, 6, EV 83.1 MPH)
Batting: RHB Luis Mendoza 0-0: Foul Ball, location: 2F
0-1: Ball
1-1: Called Strike
1-2: Ball
2-2: SINGLE (Groundball, 56D, EV 97.5 MPH)
Batting: LHB Javy Cisneros 0-0: Ball
1-0: Called Strike
1-1: Foul Ball, location: 2F
1-2: Ball
Luis Mendoza steals 2nd base
2-2: SINGLE (Groundball, 56D, EV 103.8 MPH)
Luis Mendoza to third
Runner from 3rd tries for Home, SAFE, no throw by LF
Batting: SHB Manny Morales 0-0: Fielders Choice at 2nd, 6-4 (Groundball, 6, EV 101.9 MPH)
Bottom of the 3rd over - 1 run, 2 hits, 0 errors, 1 left on base; Miami Beach 0 - Amarillo 3
TOP OF THE 4TH
Miami Beach Marlins batting - Pitching for Amarillo ThunderHeads : RHP Tony Shirley
Batting: LHB Mike Sammons 0-0: Swinging Strike
0-1: Foul Ball, location: 2F
0-2: Ball
1-2: Foul Ball, location: 2F
1-2: Ball
2-2: Ball
3-2: Reached on error, E4 (Groundball, 4, EV 91.9 MPH)
Batting: RHB Ethan Roberts 0-0: Ball
1-0: SINGLE (Groundball, 56D, EV 95.6 MPH)
Mike Sammons to second
Batting: SHB Carlos Rodriguez 0-0: Ball
1-0: Called Strike
1-1: Swinging Strike
1-2: Foul Ball, location: 2F
1-2: Foul Ball, location: 2F
1-2: Ball
2-2: DOUBLE (Groundball, 3L, EV 95.0 MPH)
Mike Sammons scores
Ethan Roberts to third
Runner from 3rd tries for Home, throw by RF and OUT! 9-4-2
Carlos Rodriguez to third
Batting: RHB Armando Colon 0-0: Hit by Pitch
Batting: SHB Bill Burd 0-0: Ball
1-0: Ball
2-0: SINGLE (Flyball, 89M, EV 93.1 MPH)
Carlos Rodriguez scores
Armando Colon to second
Batting: LHB Kyle Goodwin 0-0: Called Strike
0-1: Called Strike
0-2: DOUBLE (Line Drive, 7LM, EV 105.0 MPH)
Armando Colon scores
Bill Burd to third
Batting: RHB Kenny Dickey 0-0: Ball
1-0: Ball
2-0: Called Strike
2-1: Swinging Strike
2-2: Strikes out swinging
Batting: RHB Mark Moore 0-0: Intentional Walk
Batting: RHB Philip Veenstra 0-0: Ball
1-0: Swinging Strike
1-1: Foul Ball, location: 2F
1-2: Foul Ball, location: 2F
1-2: Foul Ball, location: 2F
1-2: Strikes out swinging
Top of the 4th over - 3 runs, 4 hits, 1 error, 3 left on base; Miami Beach 3 - Amarillo 3
BOTTOM OF THE 4TH
Amarillo ThunderHeads batting - Pitching for Miami Beach Marlins : RHP Philip Veenstra
Batting: LHB Takeo Nishiguchi 0-0: Bunt missed!
0-1: Called Strike
0-2: Strikes out swinging
Batting: RHB Milion Kahangi 0-0: Ground out 6-3 (Groundball, 6, EV 108.8 MPH)
Batting: RHB Tony Shirley 0-0: Called Strike
0-1: Called Strike
0-2: Ball
1-2: Strikes out swinging
Bottom of the 4th over - 0 runs, 0 hits, 0 errors, 0 left on base; Miami Beach 3 - Amarillo 3
TOP OF THE 5TH
Miami Beach Marlins batting - Pitching for Amarillo ThunderHeads : RHP Tony Shirley
Batting: LHB Mike Sammons 0-0: Ball
1-0: Foul Ball, location: 2F
1-1: Foul Ball, location: 2F
1-2: Ball
2-2: Foul Ball, location: 2F
2-2: Foul Ball, location: 2F
2-2: Ball
3-2: Ground out 1-3 (Groundball, 34S, EV 65.0 MPH)
Batting: RHB Ethan Roberts 0-0: Called Strike
0-1: Ground out 5-3 (Groundball, 5, EV 90.6 MPH)
Batting: SHB Carlos Rodriguez 0-0: Called Strike
0-1: Ball
1-1: Ball
2-1: Ball
3-1: DOUBLE (Line Drive, 7LD, EV 110.0 MPH)
Batting: RHB Armando Colon 0-0: Intentional Walk
Batting: SHB Bill Burd 0-0: Ball
1-0: Ground out 4-3 (Groundball, 4, EV 106.3 MPH)
Top of the 5th over - 0 runs, 1 hit, 0 errors, 2 left on base; Miami Beach 3 - Amarillo 3
BOTTOM OF THE 5TH
Amarillo ThunderHeads batting - Pitching for Miami Beach Marlins : RHP Philip Veenstra
Batting: RHB Mike Trujillo 0-0: Foul Ball, location: 2F
0-1: Foul Ball, location: 2F
0-2: Ball
1-2: Ground out 5-3 (Groundball, 56S, EV 75.6 MPH)
Batting: RHB Marços Berto 0-0: Foul Ball, location: 2F
0-1: Swinging Strike
0-2: Fly out, F8 (Flyball, 8RD, EV 78.8 MPH)
Batting: RHB Kisho Ito 0-0: Foul Ball, location: 2F
0-1: Fly out, F9 (Flyball, 89D, EV 103.8 MPH)
Bottom of the 5th over - 0 runs, 0 hits, 0 errors, 0 left on base; Miami Beach 3 - Amarillo 3
TOP OF THE 6TH
Miami Beach Marlins batting - Pitching for Amarillo ThunderHeads : RHP Tony Shirley
Batting: LHB Kyle Goodwin 0-0: Ball
1-0: Foul Ball, location: 2F
1-1: Ball
2-1: Ground out 1-3 (Groundball, 34S, EV 83.1 MPH)
Batting: RHB Kenny Dickey 0-0: Ball
1-0: Called Strike
1-1: Called Strike
1-2: Foul Ball, location: 2F
1-2: Ball
2-2: Foul Ball, location: 2F
2-2: SINGLE (Groundball, 56D, EV 95.0 MPH)
Batting: RHB Mark Moore 0-0: Called Strike
0-1: Ball
1-1: Ball
2-1: Called Strike
2-2: Strikes out swinging
Kenny Dickey steals 2nd base
Batter strikes out.
Batting: RHB Philip Veenstra 0-0: Fly out, F8 (Flyball, 8LD, EV 101.9 MPH)
Top of the 6th over - 0 runs, 1 hit, 0 errors, 1 left on base; Miami Beach 3 - Amarillo 3
BOTTOM OF THE 6TH
Amarillo ThunderHeads batting - Pitching for Miami Beach Marlins : RHP Philip Veenstra
Batting: RHB Luis Mendoza 0-0: Foul Ball, location: 2F
0-1: Foul Ball, location: 5F, Error on foul ball, E5
0-2: Strikes out looking
Batting: LHB Javy Cisneros 0-0: Swinging Strike
0-1: Ball
1-1: Swinging Strike
1-2: Foul Ball, location: 2F
1-2: Foul Ball, location: 2F
1-2: Ball
2-2: Ball
3-2: Foul Ball, location: 2F
3-2: Foul Ball, location: 2F
3-2: SINGLE (Line Drive, 6D, EV 100.0 MPH)
Batting: SHB Manny Morales 0-0: Grounds into double play, 6-4-3 (Groundball, 6, EV 98.8 MPH)
Bottom of the 6th over - 0 runs, 1 hit, 1 error, 0 left on base; Miami Beach 3 - Amarillo 3
TOP OF THE 7TH
Miami Beach Marlins batting - Pitching for Amarillo ThunderHeads : RHP Tony Shirley
Batting: LHB Mike Sammons 0-0: Ball
1-0: Foul Ball, location: 2F
1-1: Called Strike
1-2: Strikes out swinging, 2-3 out at first.
Batting: RHB Ethan Roberts 0-0: Called Strike
0-1: Swinging Strike
0-2: Fly out, F8 (Flyball, 8LXD, EV 100.6 MPH)
Batting: SHB Carlos Rodriguez 0-0: Called Strike
0-1: Called Strike
0-2: Ball
1-2: Ball
2-2: Ball
3-2: Base on Balls
Batting: RHB Armando Colon 0-0: Ball
1-0: Called Strike
1-1: Ball
2-1: SINGLE (Groundball, 56D, EV 96.9 MPH)
Carlos Rodriguez to second
Batting: SHB Bill Burd 0-0: Ball
1-0: Called Strike
1-1: Ball
2-1: Foul Ball, location: 2F
2-2: Foul Ball, location: 2F
2-2: Ball
3-2: Base on Balls
Carlos Rodriguez to third
Armando Colon to second
Batting: LHB Kyle Goodwin 0-0: Ball
1-0: Ball
2-0: DOUBLE (Line Drive, 78XD, EV 100.0 MPH)
Carlos Rodriguez scores
Armando Colon scores
Bill Burd to third
Batting: RHB Kenny Dickey 0-0: Swinging Strike
0-1: Swinging Strike
0-2: Ball
1-2: Foul Ball, location: 2F
1-2: Ball
2-2: Ball
3-2: SINGLE (Line Drive, 9S, EV 86.9 MPH)
Bill Burd scores
Kyle Goodwin to third
Kyle Goodwin scores
Batting: RHB Mark Moore 0-0: Ball
1-0: Fly out, F7 (Flyball, 7LM, EV 98.1 MPH)
Top of the 7th over - 4 runs, 3 hits, 0 errors, 1 left on base; Miami Beach 7 - Amarillo 3
BOTTOM OF THE 7TH
Amarillo ThunderHeads batting - Pitching for Miami Beach Marlins : RHP Philip Veenstra
Batting: LHB Takeo Nishiguchi 0-0: Ball
1-0: Foul Ball, location: 2F
1-1: Swinging Strike
1-2: Fly out, F3 (Popup, 3SF, EV 78.1 MPH)
Batting: RHB Milion Kahangi 0-0: Ball
1-0: Called Strike
1-1: Foul Ball, location: 2F
1-2: Foul Ball, location: 2F
1-2: Ball
2-2: Fly out, F8 (Line Drive, 8LM, EV 91.3 MPH)
Batting: RHB Tony Shirley 0-0: Ball
1-0: Ball
2-0: Ball
3-0: SINGLE (Groundball, 6MD, EV 105.0 MPH)
Batting: RHB Mike Trujillo 0-0: Ball
1-0: Ball
2-0: Ball
3-0: Called Strike
3-1: Base on Balls
Tony Shirley to second
Pitching: LHP Lu-fang Fung
Batting: RHB Marços Berto 0-0: Ball
1-0: Ground out 1-3 (Groundball, 34S, EV 73.8 MPH)
Bottom of the 7th over - 0 runs, 1 hit, 0 errors, 2 left on base; Miami Beach 7 - Amarillo 3
TOP OF THE 8TH
Miami Beach Marlins batting - Pitching for Amarillo ThunderHeads : RHP Tony Shirley
Pinch Hitting: LHB Bill Curtin 0-0: Called Strike
0-1: Fly out, F5 (Popup, 15, EV 70.0 MPH)
Batting: LHB Mike Sammons 0-0: Foul Ball, location: 2F
0-1: Ball
1-1: Ball
2-1: Ball
3-1: Called Strike
3-2: Foul Ball, location: 2F
3-2: Base on Balls
Batting: RHB Ethan Roberts 0-0: Fly out, F3 (Popup, 3SF, EV 68.8 MPH)
Batting: SHB Carlos Rodriguez 0-0: Ball
1-0: SINGLE (Line Drive, 8LS, EV 97.5 MPH)
Mike Sammons to second
Runner from 2nd tries for 3rd, OUT! 8-5
Top of the 8th over - 0 runs, 1 hit, 0 errors, 1 left on base; Miami Beach 7 - Amarillo 3
BOTTOM OF THE 8TH
Amarillo ThunderHeads batting - Pitching for Miami Beach Marlins : LHP Lu-fang Fung
Pitching: LHP Oscar Patron
Batting: RHB Kisho Ito 0-0: SINGLE (Groundball, 6MD, EV 97.5 MPH)
Batting: RHB Luis Mendoza 0-0: Foul Ball, location: 2F
0-1: Ball
1-1: Ball
2-1: Foul Ball, location: 2F
2-2: Strikes out swinging
Batting: LHB Javy Cisneros 0-0: Ball
1-0: Ball
2-0: Called Strike
2-1: Ball
3-1: Fielders Choice at 2nd, 6-4 (Groundball, 56, EV 88.1 MPH)
Batting: SHB Manny Morales 0-0: Ball
1-0: Ground out 4-3 (Groundball, 4, EV 81.9 MPH)
Bottom of the 8th over - 0 runs, 1 hit, 0 errors, 1 left on base; Miami Beach 7 - Amarillo 3
TOP OF THE 9TH
Miami Beach Marlins batting - Pitching for Amarillo ThunderHeads : RHP Tony Shirley
Batting: RHB Armando Colon 0-0: Foul Ball, location: 2F
0-1: SINGLE (Flyball, 78S, EV 92.5 MPH)
Batting: SHB Bill Burd 0-0: Called Strike
0-1: Ball
1-1: Grounds into double play, 1-6-3 (Groundball, 13S, EV 69.4 MPH)
Pitching: LHP Benedikt Potmesil
Batting: LHB Kyle Goodwin 0-0: Swinging Strike
0-1: Called Strike
0-2: Foul Ball, location: 2F
0-2: Ball
1-2: Ball
2-2: Strikes out looking
Top of the 9th over - 0 runs, 1 hit, 0 errors, 0 left on base; Miami Beach 7 - Amarillo 3
BOTTOM OF THE 9TH
Amarillo ThunderHeads batting - Pitching for Miami Beach Marlins : LHP Oscar Patron
Batting: LHB Takeo Nishiguchi 0-0: Ball
1-0: Fly out, F9 (Flyball, 89M, EV 85.0 MPH)
Batting: RHB Milion Kahangi 0-0: Called Strike
0-1: Fly out, F9 (Flyball, 9LSF, EV 91.3 MPH)
Batting: LHB Benedikt Potmesil 0-0: Foul Ball, location: 2F
0-1: Ball
1-1: Ball
2-1: Called Strike
2-2: Foul Ball, location: 2F
2-2: Ball
3-2: Strikes out swinging
Bottom of the 9th over - 0 runs, 0 hits, 0 errors, 0 left on base; Miami Beach 7 - Amarillo 3
Sunday, July 16th , 2023 - OOTP Baseball 24.6 Build 69